PBL
KANSAS CITY ROYALS @ CLEVELAND INDIANS
04/02/2071
 
TOP OF THE 1ST
Kansas City Royals batting - Pitching for Cleveland Indians : LHP Maresuke Ono
Pitching: LHP Maresuke Ono
Batting: LHB Dan Heller 0-0: Foul Ball, location: 5F
0-1: Fly out, F8 (Flyball, 8LXD, EV 108.1 MPH)
Batting: RHB Tony Solís 0-0: Called Strike
0-1: Ground out 5-3 (Groundball, 56S, EV 71.9 MPH)
Batting: RHB David Harris 0-0: Ball
1-0: Foul Ball, location: 2F
1-1: Swinging Strike
1-2: Ball
2-2: Foul Ball, location: 2F
2-2: Ground out 5-3 (Groundball, 56S, EV 86.9 MPH)
Top of the 1st over - 0 runs, 0 hits, 0 errors, 0 left on base; Kansas City 0 - Cleveland 0
BOTTOM OF THE 1ST
Cleveland Indians batting - Pitching for Kansas City Royals : RHP Howard Brock
Pitching: RHP Howard Brock
Batting: RHB Wilber Lahoda 0-0: Ball
1-0: Swinging Strike
1-1: SINGLE (Groundball, 56, EV 106.3 MPH)
Batting: RHB Mike Robinson 0-0: Ball
1-0: Called Strike
1-1: Ball
2-1: Swinging Strike
2-2: Strikes out looking
Batting: LHB Ralph Brunskill 0-0: Ball
1-0: Ball
Wilber Lahoda steals 2nd base
2-0: Ball
3-0: Called Strike
3-1: Called Strike
3-2: Foul Ball, location: 2F
3-2: Ground out U3 (Groundball, 34S, EV 80.6 MPH)
Wilber Lahoda to third
Batting: LHB Harumi Sato 0-0: Called Strike
0-1: Foul Ball, location: 9LMF
0-2: Foul Ball, location: 9LSF
0-2: Ball
1-2: Ball
2-2: Ground out U3 (Groundball, 34, EV 98.8 MPH)
Bottom of the 1st over - 0 runs, 1 hit, 0 errors, 1 left on base; Kansas City 0 - Cleveland 0
TOP OF THE 2ND
Kansas City Royals batting - Pitching for Cleveland Indians : LHP Maresuke Ono
Batting: RHB Edgardo Pérez 0-0: Foul Ball, location: 5F
0-1: Ball
1-1: Swinging Strike
1-2: Ball
2-2: Strikes out looking
Batting: RHB Neal Martin 0-0: Swinging Strike
0-1: SINGLE (Groundball, 34D, EV 106.3 MPH)
Batting: LHB Thomas Thompson 0-0: Called Strike
0-1: Swinging Strike
0-2: Ball
1-2: Strikes out looking
Batting: LHB Sergio Longoria 0-0: Called Strike
0-1: Called Strike
0-2: Foul Ball, location: 7LMF
0-2: Ball
1-2: Ball
2-2: Ball
3-2: Foul Ball, location: 2F
3-2: Foul Ball, location: 9LMF
3-2: Strikes out swinging
Top of the 2nd over - 0 runs, 1 hit, 0 errors, 1 left on base; Kansas City 0 - Cleveland 0
BOTTOM OF THE 2ND
Cleveland Indians batting - Pitching for Kansas City Royals : RHP Howard Brock
Batting: RHB Hubert Merritt 0-0: Ball
1-0: Called Strike
1-1: Ball
2-1: Foul Ball, location: 3F
2-2: Ball
3-2: Ground out 5-3 (Groundball, 5, EV 85.6 MPH)
Batting: SHB Adam Emery 0-0: Ball
1-0: Ball
2-0: Foul Ball, location: 2F
2-1: Fly out, F8 (Flyball, 8LM, EV 91.3 MPH)
Batting: RHB Cheung Fang 0-0: Ball
1-0: Ball
2-0: Foul Ball, location: 2F
2-1: Ball
3-1: Called Strike
3-2: DOUBLE (Line Drive, 7LM, EV 101.9 MPH)
Batting: RHB Albin Gilbert 0-0: DOUBLE (Line Drive, 78D, EV 105.6 MPH)
Cheung Fang scores
Batting: SHB Nathaniel Tomsett 0-0: Ground out 6-3 (Groundball, 6S, EV 84.4 MPH)
Bottom of the 2nd over - 1 run, 2 hits, 0 errors, 1 left on base; Kansas City 0 - Cleveland 1
TOP OF THE 3RD
Kansas City Royals batting - Pitching for Cleveland Indians : LHP Maresuke Ono
Batting: RHB Jorge Morán 0-0: Called Strike
0-1: Called Strike
0-2: Ball
1-2: Foul Ball, location: 2F
1-2: Ball
2-2: Foul Ball, location: 2F
2-2: Strikes out swinging
Batting: LHB Dila Mzale 0-0: Called Strike
0-1: Ball
1-1: Swinging Strike
1-2: Fly out, F9 (Flyball, 9LM, EV 86.3 MPH)
Batting: LHB Dan Heller 0-0: Fly out, F9 (Line Drive, 9, EV 98.1 MPH)
Top of the 3rd over - 0 runs, 0 hits, 0 errors, 0 left on base; Kansas City 0 - Cleveland 1
BOTTOM OF THE 3RD
Cleveland Indians batting - Pitching for Kansas City Royals : RHP Howard Brock
Batting: RHB Wilber Lahoda 0-0: SINGLE (Line Drive, 9LS, EV 107.5 MPH)
Batting: RHB Mike Robinson 0-0: Called Strike
0-1: Ball
1-1: Fielders Choice at 2nd, 2-4 (Groundball, 2L, EV 63.1 MPH)
Batting: LHB Ralph Brunskill 0-0: SINGLE (Line Drive, 7LS, EV 91.9 MPH)
Mike Robinson to second
Batting: LHB Harumi Sato 0-0: Ground out 4-3 (Groundball, 4S, EV 69.4 MPH)
Mike Robinson to third
Ralph Brunskill to second
Batting: RHB Hubert Merritt 0-0: Foul Ball, location: 3F
0-1: Called Strike
0-2: Ground out 6-3 (Groundball, 6, EV 98.8 MPH)
Bottom of the 3rd over - 0 runs, 2 hits, 0 errors, 2 left on base; Kansas City 0 - Cleveland 1
TOP OF THE 4TH
Kansas City Royals batting - Pitching for Cleveland Indians : LHP Maresuke Ono
Batting: RHB Tony Solís 0-0: Called Strike
0-1: Ball
1-1: Reached on error, E4 (Groundball, 4, EV 81.9 MPH)
Batting: RHB David Harris 0-0: Called Strike
0-1: Ball
1-1: Grounds into double play, 6-4-3 (Groundball, 6, EV 96.3 MPH)
Batting: RHB Edgardo Pérez 0-0: Called Strike
0-1: Swinging Strike
0-2: Ball
1-2: Ball
2-2: Strikes out swinging
Top of the 4th over - 0 runs, 0 hits, 1 error, 0 left on base; Kansas City 0 - Cleveland 1
BOTTOM OF THE 4TH
Cleveland Indians batting - Pitching for Kansas City Royals : RHP Howard Brock
Batting: SHB Adam Emery 0-0: Fly out, F8 (Line Drive, 8RM, EV 99.4 MPH)
Batting: RHB Cheung Fang 0-0: Called Strike
0-1: Ball
1-1: Ground out 5-3 (Groundball, 5S, EV 82.5 MPH)
Batting: RHB Albin Gilbert 0-0: Ball
1-0: Reached on error, E6 (Groundball, 56, EV 108.1 MPH)
Batting: SHB Nathaniel Tomsett 0-0: Ball
1-0: Called Strike
1-1: Called Strike
1-2: Ball
2-2: Ball
3-2: SINGLE (Line Drive, 6MD, EV 95.0 MPH)
Albin Gilbert to second
Albin Gilbert to third
Batting: RHB Wilber Lahoda 0-0: Fly out, F6 (Popup, 6, EV 59.4 MPH)
Bottom of the 4th over - 0 runs, 1 hit, 1 error, 2 left on base; Kansas City 0 - Cleveland 1
TOP OF THE 5TH
Kansas City Royals batting - Pitching for Cleveland Indians : LHP Maresuke Ono
Now at 1B: Bill Martínez
Now at 3B: Gonzalo González
Now in LF: Hubert Merritt
Now in RF: Jorge Morán
Batting: RHB Neal Martin 0-0: Ball
1-0: Ground out U3 (Groundball, 3S, EV 77.5 MPH)
Batting: LHB Thomas Thompson 0-0: Called Strike
0-1: SINGLE (Line Drive, 8RS, EV 93.8 MPH)
Batting: LHB Sergio Longoria 0-0: Ball
Wild Pitch!
Thomas Thompson to second
1-0: Called Strike
1-1: Hit by Pitch
Batting: RHB Jorge Morán 0-0: Ball
1-0: Foul Ball, location: 2F
1-1: Ball
Wild Pitch!
Thomas Thompson to third
Sergio Longoria to second
2-1: DOUBLE (Flyball, 89D, EV 106.9 MPH)
Thomas Thompson scores
Sergio Longoria scores
Batting: LHB Dila Mzale 0-0: Swinging Strike
0-1: SINGLE (Flyball, 3D, EV 91.9 MPH)
Jorge Morán to third
Pinch Hitting: RHB Koji Omori 0-0: Ball
1-0: Ball
2-0: SINGLE (Line Drive, 8RS, EV 97.5 MPH)
Jorge Morán scores
Dila Mzale to second
Batting: RHB Bert Acheson 0-0: Called Strike
Dila Mzale steals 3rd base
0-1: Ball
1-1: Ball
2-1: TRIPLE (Line Drive, 89XD, EV 108.8 MPH)
Dila Mzale scores
Koji Omori scores
Pitching: RHP Bryan Booth
Batting: RHB David Harris 0-0: Called Strike
0-1: Ball
1-1: Ball
2-1: Called Strike
2-2: Strikes out swinging
Pinch Hitting: RHB Andrés Mota 0-0: Called Strike
0-1: Ground out 6-3 (Groundball, 6, EV 85.6 MPH)
Top of the 5th over - 5 runs, 5 hits, 0 errors, 1 left on base; Kansas City 5 - Cleveland 1
BOTTOM OF THE 5TH
Cleveland Indians batting - Pitching for Kansas City Royals : RHP Howard Brock
Pitching: RHP Ken Hopkins
Now at 1B: Gonzalo Molama
Now at 2B: Andrés Mota
Now at 3B: Nick Reed
Now at SS: Koji Omori
Batting: RHB Mike Robinson 0-0: Called Strike
0-1: Ball
1-1: Called Strike
1-2: Ground out 6-3 (Groundball, 6, EV 101.9 MPH)
Batting: LHB Jorge Morán 0-0: Called Strike
0-1: Ball
1-1: Ball
2-1: Foul Ball, location: 9LMF
2-2: Fly out, F8 (Flyball, 89M, EV 91.9 MPH)
Batting: RHB Gonzalo González 0-0: Called Strike
0-1: Ball
1-1: Foul Ball, location: 2F
1-2: Foul Ball, location: 3F
1-2: Ball
2-2: SINGLE (Groundball, 56, EV 90.0 MPH)
Batting: RHB Hubert Merritt 0-0: Called Strike
0-1: Fly out, F3 (Popup, 3SF, EV 77.5 MPH)
Bottom of the 5th over - 0 runs, 1 hit, 0 errors, 1 left on base; Kansas City 5 - Cleveland 1
TOP OF THE 6TH
Kansas City Royals batting - Pitching for Cleveland Indians : RHP Bryan Booth
Pinch Hitting: LHB Mike Downs 0-0: Ball
1-0: Ball
2-0: Ball
3-0: Called Strike
3-1: Foul Ball, location: 2F
3-2: Strikes out swinging
Batting: RHB Nick Reed 0-0: Ball
1-0: Foul Ball, location: 9LDF
1-1: Called Strike
1-2: Ball
2-2: Ball
3-2: Ground out 5-3 (Groundball, 56S, EV 83.8 MPH)
Pinch Hitting: RHB Shu-yaan Koo 0-0: Called Strike
0-1: Swinging Strike
0-2: Strikes out looking
Top of the 6th over - 0 runs, 0 hits, 0 errors, 0 left on base; Kansas City 5 - Cleveland 1
BOTTOM OF THE 6TH
Cleveland Indians batting - Pitching for Kansas City Royals : RHP Ken Hopkins
Pitching: LHP Takiji Miura
Now in LF: Shu-yaan Koo
Now in CF: Mike Downs
Now in RF: Dila Mzale
Batting: LHB Bill Martínez 0-0: Called Strike
0-1: Ball
1-1: Foul Ball, location: 2F
1-2: Strikes out swinging
Batting: LHB Tony Locke 0-0: Called Strike
0-1: Ball
1-1: Foul Ball, location: 9LSF
1-2: Ball
2-2: Foul Ball, location: 23F
2-2: SOLO HOME RUN (Flyball, 7D, EV 100.0 MPH), Distance : 394 ft
Pinch Hitting: RHB Juan Galindo 0-0: SINGLE (Line Drive, 7S, EV 106.9 MPH)
Batting: SHB Nathaniel Tomsett 0-0: Called Strike
0-1: Foul Ball, location: 3F
0-2: Strikes out looking
Pinch Hitting: RHB Ramón Murillo 0-0: Foul Ball, location: 2F
0-1: Ball
1-1: Ball
2-1: Fly out, F4 (Line Drive, 4MD, EV 71.9 MPH)
Bottom of the 6th over - 1 run, 2 hits, 0 errors, 1 left on base; Kansas City 5 - Cleveland 2
TOP OF THE 7TH
Kansas City Royals batting - Pitching for Cleveland Indians : RHP Bryan Booth
Now at SS: Juan Galindo
Now in CF: Ramón Murillo
Batting: RHB Gonzalo Molama 0-0: Foul Ball, location: 2F
0-1: Ball
1-1: Foul Ball, location: 2F
1-2: Ball
2-2: SINGLE (Line Drive, 3D, EV 106.9 MPH)
Batting: LHB Dila Mzale 0-0: Called Strike
0-1: Foul Ball, location: 2F
0-2: Foul Ball, location: 23F
0-2: Ball
1-2: Foul Ball, location: 2F
1-2: Ball
2-2: Ball
3-2: Strikes out swinging
Gonzalo Molama steals 2nd base
Batter strikes out.
Pitching: RHP Sandy Glass
Batting: RHB Koji Omori 0-0: Ball
1-0: Foul Ball, location: 25FF
1-1: Ball
2-1: Called Strike
2-2: Foul Ball, location: 3FF
2-2: Fly out, F7 (Flyball, 7LMF, EV 86.9 MPH)
Batting: RHB Bert Acheson 0-0: SINGLE (Line Drive, 3D, EV 99.4 MPH)
Gonzalo Molama to third
Runner from 3rd tries for Home, SAFE, throw by RF to home
Bert Acheson to second
Batting: RHB David Harris 0-0: Ball
1-0: Foul Ball, location: 2F
1-1: SINGLE (Flyball, 7S, EV 95.6 MPH)
Bert Acheson to third
Runner from 3rd tries for Home, SAFE, throw by LF to home
Batting: RHB Andrés Mota 0-0: Fly out, F8 (Flyball, 8LD, EV 86.3 MPH)
Top of the 7th over - 2 runs, 3 hits, 0 errors, 1 left on base; Kansas City 7 - Cleveland 2
BOTTOM OF THE 7TH
Cleveland Indians batting - Pitching for Kansas City Royals : LHP Takiji Miura
Pitching: RHP Nelson Bautista
Pinch Hitting: RHB Cisco Reyes 0-0: Called Strike
0-1: TRIPLE (Flyball, 89XD, EV 102.5 MPH)
Batting: LHB Jorge Morán 0-0: Ball
1-0: Ball
2-0: Ball
3-0: Ground out 5-3 (Groundball, 5L, EV 87.5 MPH)
Batting: RHB Gonzalo González 0-0: Foul Ball, location: 25F
0-1: Ball
1-1: Ball
2-1: Ball
3-1: Base on Balls
Batting: RHB Hubert Merritt 0-0: Swinging Strike
0-1: Ball
1-1: Grounds into double play, 6-4-3 (Groundball, 6, EV 98.8 MPH)
Bottom of the 7th over - 0 runs, 1 hit, 0 errors, 1 left on base; Kansas City 7 - Cleveland 2
TOP OF THE 8TH
Kansas City Royals batting - Pitching for Cleveland Indians : RHP Sandy Glass
Now at 2B: Juan Galindo
Now at SS: Cisco Reyes
Batting: LHB Mike Downs 0-0: Foul Ball, location: 3FF
0-1: Ball
1-1: Ball
2-1: Ball
3-1: Called Strike
3-2: Base on Balls
Batting: RHB Nick Reed 0-0: Called Strike
0-1: Ball
1-1: Ball
2-1: Fielders Choice at 2nd, 5-4 (Groundball, 56, EV 86.9 MPH)
Batting: RHB Shu-yaan Koo 0-0: Ball
1-0: Swinging Strike
1-1: Ball
2-1: Called Strike
2-2: Fly out, F6 (Popup, 6M, EV 69.4 MPH)
Batting: RHB Gonzalo Molama 0-0: Fly out, F3 (Popup, 34S, EV 84.4 MPH)
Top of the 8th over - 0 runs, 0 hits, 0 errors, 1 left on base; Kansas City 7 - Cleveland 2
BOTTOM OF THE 8TH
Cleveland Indians batting - Pitching for Kansas City Royals : RHP Nelson Bautista
Pitching: RHP Donald McDaniel
Batting: LHB Bill Martínez 0-0: Called Strike
0-1: Ball
1-1: Ball
2-1: Ground out 4-3 (Groundball, 4, EV 85.6 MPH)
Batting: LHB Tony Locke 0-0: Called Strike
0-1: Swinging Strike
0-2: Ball
1-2: Ball
2-2: Strikes out swinging
Batting: RHB Juan Galindo 0-0: SINGLE (Groundball, 6MD, EV 106.3 MPH)
Batting: SHB Nathaniel Tomsett 0-0: Ball
1-0: Foul Ball, location: 2F
1-1: Ball
2-1: DOUBLE (Groundball, 5L, EV 109.4 MPH)
Juan Galindo to third
Batting: RHB Ramón Murillo 0-0: Called Strike
0-1: Foul Ball, location: 2F
0-2: Foul Ball, location: 2F
0-2: Ball
1-2: Ball
2-2: Foul Ball, location: 7LSF
2-2: Ground out 2-3 (Groundball, 2L, EV 67.5 MPH)
Bottom of the 8th over - 0 runs, 2 hits, 0 errors, 2 left on base; Kansas City 7 - Cleveland 2
TOP OF THE 9TH
Kansas City Royals batting - Pitching for Cleveland Indians : RHP Sandy Glass
Pitching: RHP Paco Bernard
Batting: LHB Dila Mzale 0-0: Ball
1-0: Foul Ball, location: 7LMF
1-1: Ball
2-1: Foul Ball, location: 3SF
2-2: Foul Ball, location: 2F
2-2: Strikes out swinging
Batting: RHB Koji Omori 0-0: Fly out, F9 (Line Drive, 89M, EV 105.6 MPH)
Batting: RHB Mike Allen 0-0: Called Strike
0-1: Swinging Strike
0-2: Strikes out looking
Top of the 9th over - 0 runs, 0 hits, 0 errors, 0 left on base; Kansas City 7 - Cleveland 2
BOTTOM OF THE 9TH
Cleveland Indians batting - Pitching for Kansas City Royals : RHP Donald McDaniel
Pitching: RHP Javier Fernández
Batting: RHB Cisco Reyes 0-0: SINGLE (Groundball, 4MD, EV 105.0 MPH)
Batting: LHB Jorge Morán 0-0: Ball
1-0: Called Strike
1-1: Foul Ball, location: 2F
1-2: Fly out, F9 (Flyball, 89M, EV 93.8 MPH)
Pinch Hitting: RHB Gonzalo Mendoza 0-0: Called Strike
0-1: Ball
1-1: Called Strike
1-2: SINGLE (Flyball, 4MD, EV 98.1 MPH)
Cisco Reyes to second
Batting: RHB Hubert Merritt 0-0: Fly out, F4 (Popup, 34S, EV 73.8 MPH)
Batting: LHB Bill Martínez 0-0: Called Strike
0-1: Ball
1-1: Ball
2-1: Called Strike
2-2: Ball
3-2: Strikes out swinging
Bottom of the 9th over - 0 runs, 2 hits, 0 errors, 2 left on base; Kansas City 7 - Cleveland 2
Thursday, April 4th , 2024 - OOTP Baseball 24.10 Build 82